 Dungeon Crawl Stone Soup version 0.29-a0-284-gf9362112df (webtiles) character file.

Game seed: 4255670121914584336

3194 dracfodder the Spear-Bearer (level 9, -4/57 HPs)
             Began as a Gargoyle Berserker on Mar 27, 2022.
             Was a Priest of Trog.
             Slain by a cyclops (10 damage)
             ... on level 7 of the Dungeon.
             The game lasted 00:18:36 (5852 turns).

dracfodder the Spear-Bearer (Gargoyle Berserker)    Turns: 5852, Time: 00:18:37

Health: -4/57      AC: 23    Str: 24    XL:     9   Next: 96%
Magic:  9/9        EV:  7    Int:  9    God:    Trog [***...]
Gold:   110        SH:  6    Dex: 11    Spells: 8/8 levels left

rFire   . . .      SeeInvis .   b - +5 trident of Tenacity {vorpal, Dex+2}
rCold   . . .      Faith    .   l - +0 kite shield
rNeg    + . .      Spirit   .   d - +3 chain mail
rPois   ∞          Reflect  .   (no helmet)
rElec   +          Harm     .   s - +2 cloak
rCorr   .          Rampage  .   (no gloves)
Will    .....                   (no boots)
Stlth   ..........              (no amulet)
HPRegen 0.19/turn               (no ring)
MPRegen 0.11/turn               (no ring)

@: on berserk cooldown, slowed, very slow
A: sickness immunity, AC +6, negative energy resistance 1, electricity
resistance, torment resistance 1, petrification resistance
a: Renounce Religion, Berserk, Trog's Hand


You were on level 7 of the Dungeon.
You worshipped Trog.
Trog was most pleased with you.
You visited 1 branch of the dungeon, and saw 7 of its levels.
You also visited: Sewer.

You collected 458 gold pieces.
You spent 348 gold pieces at shops.

Inventory:

Hand Weapons
 a - a +1 hunting sling
 b - the +5 trident of Tenacity (weapon) {vorpal, Dex+2}
   (You found it on level 2 of the Dungeon)

   It inflicts extra damage upon your enemies.
   Dex:       It affects your dexterity (+2).
 e - the +2 hand axe "Dragonslayer" {vorpal, *Noise rF+ Int+4}
   (You found it on level 2 of the Dungeon)

   It inflicts extra damage upon your enemies.
   Int:       It affects your intelligence (+4).
   rF:        It protects you from fire.
   *Noise:    It may make noises in combat.
 f - the +4 whip of Gotecu Kuela {venom, rC+}
   (You found it on level 3 of the Dungeon)

   It poisons the flesh of those it strikes.
   rC:        It protects you from cold.
 t - the +8 hand axe of Animal Spirits {holy, *Corrode *Slow rElec rN+++}
   (You bought it in a shop on level 5 of the Dungeon)

   It has been blessed by the Shining One to cause great damage to the undead
   and demons.
   rElec:     It insulates you from electricity.
   rN:        It renders you almost immune to negative energy.
   *Corrode:  It may corrode you when you take damage.
   *Slow:     It may slow you when you take damage.
Armour
 d - a +3 chain mail (worn)
 l - a +0 kite shield (worn)
 m - +0 steam dragon scales
 s - a +2 cloak (worn)
Wands
 n - a wand of polymorph (20)
 q - a wand of flame (15)
Scrolls
 c - 7 scrolls of teleportation
 v - 3 scrolls of identify
Potions
 g - 4 potions of flight
 h - 2 potions of haste
 i - 4 potions of curing
 j - a potion of might {unknown}
 k - a potion of magic
 r - a potion of heal wounds


   Skills:
 + Level 7.1 Fighting
 + Level 0.9(6.2) Axes
 + Level 3.7(3.8) Maces & Flails
 + Level 9.2 Polearms
 + Level 6.5 Armour
 + Level 2.5 Dodging
 + Level 2.3 Stealth
 + Level 0.1 Shields


You had 8 spell levels left.
You didn't know any spells.
Your spell library was empty.

Dungeon Overview and Level Annotations

Branches:
Dungeon (7/15)             Temple (0/1) D:4           Sewer (visited)

Altars:
Dithmenos
Kikubaaqudgha
Uskayaw
Vehumet

Shops:
D:5 ((*[(   D:6 ?


Innate Abilities, Weirdness & Mutations

You are immune to sickness and miasma.
Your stone body is resilient. (AC +6)
You are immune to poison.
You resist negative energy. (rN+)
You are resistant to electric shocks. (rElec)
You are resistant to unholy torment.
You are immune to petrification.


Message History

The necrophage hits you but does no damage.
You hit the necrophage.
The necrophage is severely damaged.
The necrophage hits you but does no damage.
You puncture the necrophage!
You destroy the necrophage!
Trog accepts your kill.
Things that are here:
+0 steam dragon scales; a necrophage corpse; a steam dragon corpse m - +0 steam dragon scales You now have 94 gold pieces (gained 17).
Found a stone staircase leading down.
Okay, then.
You hear the faint creaking of a very distant portcullis.
Found 16 gold pieces and a falchion.
A cyclops comes into view.
You see here 16 gold pieces.
You now have 110 gold pieces (gained 16).
A red film seems to cover your vision as you go berserk!
You feel yourself moving faster!
You feel mighty!
You feel a strong urge to attack something.
The cyclops throws a large rock.
The large rock hits you!!
You feel your anger nearly subside.
You are no longer berserk.
You are exhausted.
You feel yourself slow down.
You hit the cyclops.
The cyclops is lightly wounded.
The cyclops hits you!
You puncture the cyclops!
The cyclops is heavily wounded.
The cyclops hits you!!
* * * LOW HITPOINT WARNING * * *
You completely miss the cyclops.
The cyclops is heavily wounded.
You block the cyclops's attack.
You hit the cyclops.
The cyclops is heavily wounded.
The cyclops hits you!
You die...

.............#.
...............
..............#..
.................
................##
.................##
..................## .
.......@C..........# ..
...................###..
..##................#..#
#..#...............#
#...##.............##
...# ##............# ###
##..)........#
..........#..#
#.......####..##


You could see a cyclops.

Vanquished Creatures
  The ghost of Tumalu the Quickloader, a novice DDHu of Makhleb (D:6)
  Maggie (D:6)
  Grinder (D:6)
  A steam dragon (D:7)
  Menkaure (D:4)
  A water moccasin (D:6)
  4 black bears
  4 ogres
  A centaur (D:6)
  A phantom (D:6)
  Blork the orc (D:4)
  2 kobold brigands (Sewer)
  A bullfrog (D:6)
  A necrophage (D:7)
  2 scorpions (D:5)
  2 howler monkeys (D:6)
  An orc priest (D:6)
  3 hounds
  Crazy Yiuf (D:4)
  2 jellies (D:5)
  2 iguanas (D:5)
  Ijyb (D:3)
  2 orc wizards
  7 adders
  A river rat (Sewer)
  2 ufetubi (D:6)
  3 worms
  3 dart slugs
  9 orcs
  3 bats (D:2)
  7 endoplasms
  10 giant cockroaches
  4 goblins
  6 hobgoblins
  A jackal (Sewer)
  8 kobolds
  7 quokkas
  8 ball pythons
  3 frilled lizards
  9 rats
128 creatures vanquished.

Notes
Turn   | Place    | Note
-------+----------+-------------------------------------------
     0 | D:1      | dracfodder the Gargoyle Berserker began the quest for the
                  | Orb.
     0 | D:1      | Reached XP level 1. HP: 14/14 MP: 1/1
   388 | D:1      | Reached XP level 2. HP: 19/19 MP: 2/2
   405 | D:2      | Identified the +5 trident of Tenacity {vorpal, Dex+2}
   505 | D:1      | Found a faded altar of an unknown god.
   926 | D:1      | Reached XP level 3. HP: 24/24 MP: 3/3
  1039 | D:2      | Reached skill level 1 in Polearms
  1129 | D:2      | You fall into a shaft and drop 1 floor!
  1140 | D:3      | Found a radiant altar of Vehumet.
  1173 | D:3      | Identified the +4 whip of Gotecu Kuela {venom, rC+}
  1233 | D:3      | Reached ** piety under Trog
  1295 | D:3      | Reached XP level 4. HP: 29/29 MP: 4/4
  1387 | D:2      | Identified the +2 hand axe "Dragonslayer" {vorpal, *Noise
                  | rF+ Int+4}
  1624 | D:2      | Reached skill level 2 in Polearms
  2175 | D:3      | Noticed Ijyb
  2184 | D:3      | Killed Ijyb
  2185 | D:3      | Reached XP level 5. HP: 32/33 MP: 5/5
  2331 | D:4      | Found a hide-covered altar of Uskayaw.
  2332 | D:4      | Found a shadowy altar of Dithmenos.
  2501 | D:4      | Found a staircase to the Ecumenical Temple.
  2594 | D:4      | Reached skill level 3 in Polearms
  2655 | D:4      | Noticed Blork the orc
  2662 | D:4      | Killed Blork the orc
  2663 | D:4      | Reached XP level 6. HP: 32/38 MP: 6/6
  2806 | D:4      | Noticed Menkaure
  2819 | D:4      | Killed Menkaure
  2820 | D:4      | Reached skill level 4 in Polearms
  3029 | D:4      | Found a runed translucent door.
  3030 | D:4      | Noticed Crazy Yiuf
  3260 | D:4      | Killed Crazy Yiuf
  3332 | D:5      | Entered Level 5 of the Dungeon
  3336 | D:5      | Reached XP level 7. HP: 43/44 MP: 7/7
  3364 | D:5      | Reached skill level 5 in Polearms
  3398 | D:5      | Found a glowing drain.
  3428 | Sewer    | Entered a sewer
  3443 | Sewer    | Reached *** piety under Trog
  3514 | Sewer    | Reached skill level 1 in Stealth
  3643 | Sewer    | Found a glowing silver altar of Zin.
  3847 | D:5      | Found Inagodod's Armour Shop.
  3891 | D:5      | Found Ruvan's Weapon Boutique.
  3966 | D:5      | Reached skill level 5 in Fighting
  3966 | D:5      | Reached skill level 6 in Polearms
  3966 | D:5      | Reached XP level 8. HP: 49/49 MP: 8/8
  4356 | D:5      | Found Nezuson's Antique Weapon Emporium.
  4361 | D:5      | Bought an ebony hand axe for 224 gold pieces
  4361 | D:5      | Identified the +8 hand axe of Animal Spirits {holy,
                  | *Corrode *Slow rElec rN+++} (You bought it in a shop on
                  | level 5 of the Dungeon)
  4378 | D:5      | Found Gehoenuo's Antique Weapon Shoppe.
  4544 | D:5      | Found Baprebo's General Store.
  4550 | D:5      | Bought a scroll of identify for 28 gold pieces
  4823 | D:6      | Found a large runed translucent door.
  4823 | D:6      | Found a large runed translucent door.
  4827 | D:6      | Noticed Tumalu's ghost (novice DDHu)
  4828 | D:6      | Identified the +0 leather armour of the Equator {Harm rC+++
                  | rN+ Str-5}
  4852 | D:6      | Reached skill level 7 in Polearms
  4953 | D:6      | Reached skill level 5 in Armour
  4958 | D:6      | Reached XP level 9. HP: 51/55 MP: 9/9
  5071 | D:6      | Noticed Maggie
  5082 | D:6      | Killed Maggie
  5083 | D:6      | Reached skill level 8 in Polearms
  5331 | D:6      | Noticed Grinder
  5339 | D:6      | Paralysed by Grinder for 5 turns
  5349 | D:6      | Paralysed by Grinder for 6 turns
  5361 | D:6      | Killed Grinder
  5361 | D:6      | Reached **** piety under Trog
  5543 | D:6      | Found Gebliree's Magic Scroll Shoppe.
  5549 | D:6      | Bought a scroll of identify for 24 gold pieces
  5549 | D:6      | Bought a scroll of identify for 24 gold pieces
  5549 | D:6      | Bought a scroll of identify for 24 gold pieces
  5549 | D:6      | Bought a scroll of identify for 24 gold pieces
  5582 | D:6      | Found an ancient bone altar of Kikubaaqudgha.
  5729 | D:6      | Killed Tumalu's ghost
  5772 | D:7      | Reached skill level 9 in Polearms
  5841 | D:7      | Noticed a cyclops
  5852 | D:7      | Slain by a cyclops

Illustrated notes

Levels and vault maps discovered:
D:1:      lemuel_arrival_cross, layout_loops_ring,
          nicolae_ecumenical_snake_handling
D:2:      layout_rooms, skrybe_limestone_x, corexii_hall_statues_i,
          hangedman_decor_clover_reticule
D:3:      layout_rooms, mainiacjoe_overflow_six_doors_small,
          kennysheep_generic_room_8, uniq_ijyb
D:4:      layout_basic, nicolae_overflow_hidden_temple,
          minmay_temple_entry_offerings, uniq_blork_the_orc,
          uniq_crazy_yiuf_cottage, uniq_menkaure
D:5:      layout_loops_corners, serial_shops, nicolae_shop_behind_doors,
          nicolae_shop_crystal, shop_fountains, shop, shop_fountains,
          gup_sewer_entry_pipe
D:6:      layout_cave_pools, mainiacjoe_overflow_brackets, serial_column_ruins,
          column_ruins_hut, column_ruins_grid_1, column_ruins_open_medium,
          column_ruins_open_tiny, column_ruins_columns_dead_end,
          column_ruins_columns_corner, ebering_ghost_disaster_area,
          serial_shops, kennysheep_little_box, uniq_maggie, uniq_grinder
D:7:      layout_layer_cave, enter_bailey_5

Skill      XL: |  1  2  3  4  5  6  7  8  9 |
---------------+----------------------------+-----
Polearms       | 1 2 3 4 6 7 9 |  9.2
Fighting       | 4 5 6 7 |  7.1
Armour         | 3 5 6 |  6.5
Stealth        | 1 2 |  2.3
Dodging        | 2 |  2.5
Axes           | |  0.9
Maces & Flails | |  3.7
Shields        | |  0.1

Action                   |  1- 3 |  4- 6 |  7- 9 || total
-------------------------+-------+-------+-------++-------
Melee: Mace              |    15 |       |       ||    15
       Trident           |    49 |    97 |   196 ||   342
       Punch             |       |     4 |       ||     4
       Hand axe          |       |       |    12 ||    12
Invok: Berserk           |       |     1 |     4 ||     5
  Use: Scroll            |     1 |     8 |    10 ||    19
Armor: Animal skin       |     8 |       |       ||     8
       Chain mail        |    14 |    49 |   102 ||   165
Dodge: Dodged            |    21 |    32 |    64 ||   117
Block: Kite shield       |       |       |    10 ||    10

Table legend: (Time is in decaauts)
 A = Elapsed time spent in this place.
 B = Non-inter-level travel time spent in this place.
 C = Inter-level travel time spent in this place.
 D = Time resting spent in this place.
 E = Time spent auto-exploring this place.
 F = Levels seen in this place.
 G = Mean time per level.
                   A        B        C        D        E       F      G
               +--------+--------+--------+--------+--------+-----+--------+
         Total |   5962 |   5711 |    251 |     51 |   4526 |   8 |  745.2 |
       Dungeon |   5670 |   5419 |    251 |     51 |   4315 |   7 |  810.0 |
         Sewer |    291 |    291 |      0 |      0 |    210 |   1 |  291.0 |
               +--------+--------+--------+--------+--------+-----+--------+

Top non-repeatable levels by time:
     D:5: 1229 daAuts
     D:4: 1083 daAuts
     D:1: 1008 daAuts
     D:6: 950 daAuts
     D:2: 836 daAuts
     D:3: 470 daAuts
   Sewer: 291 daAuts
     D:7: 92 daAuts
